AoeStats
← CLİNT EASTWOOD SS

Arena

506930164Analyzed
1v1 RM · 17d ago on Sep 15, 2026· 59m 40s· 2 players
Game mode
Random Map
Map size
Tiny (2 player)
Population
200
Speed
Normal
Resources
Standard
Victory
Conquest
Starting age
Dark Age
Ending age
Imperial Age
RankedLock teamsTeams togetherTeam positionsShared explorationLock speedFull tech treeHidden civsTurbo modeCheats
Victory
Defeat
🇹🇷 Berbers · Türkiye
660
+18
🇹🇷 Hindustanis · Türkiye
668
-34
CLİNT EASTWOOD SS
7:53 Loom
11:52 Feudal Age
16:49 Double-Bit Axe
16:49 Horse Collar
17:47 Gold Mining
22:50 Castle Age
21:02 Stone Mining
22:12 Padded Archer Armor
22:02 Fletching
22:20 Scale Barding Armor
23:38 Bloodlines
23:37 Man-at-Arms
25:44 Pikeman
26:24 Squires
27:20 Arson
26:56 Long Swordsman
31:40 Husbandry
33:11 Wheelbarrow
32:42 Heavy Plow
33:24 Bow Saw
37:03 Thumb Ring
37:48 Gold Shaft Mining
37:51 Stone Shaft Mining
40:34 Imperial Age
40:57 Hand Cart
42:08 Ballistics
42:15 Loom
43:35 Crop Rotation
44:18 Chemistry
43:26 Cavalier
43:49 Elite Genitour
45:25 Siege Engineers
46:21 Chain Barding Armor
45:57 Bodkin Arrow
46:30 Leather Archer Armor
51:43 Plate Barding Armor
51:40 Ring Archer Armor
53:29 Heavy Camel Rider
56:15 Bracer
56:15 Scale Mail Armor
56:26 Forging
55:39 Elite Camel Archer
Nobody
0:28 Loom
10:51 Feudal Age
19:31 Castle Age
29:10 Double-Bit Axe
39:08 Gold Mining
39:56 Wheelbarrow
45:43 Imperial Age
43:21 Scale Mail Armor
43:55 Fletching
44:43 Town Watch
45:55 Chain Mail Armor
46:17 Ballistics
47:08 Forging
47:00 Padded Archer Armor
48:11 Chemistry
47:56 Pikeman
50:49 Bow Saw
54:31 Conscription
55:56 Iron Casting
55:10 Elite Skirmisher
58:08 Blast Furnace
57:19 Bodkin Arrow
57:41 Leather Archer Armor
Connection lost

Rejoining the realm…

Still unreachable

The connection could not be restored.

Session expired

The server has moved on; the page needs a fresh start.